 Dungeon Crawl Stone Soup version 0.31.0-32-g396128a36d (webtiles) character file.

Game seed: 1461470096157438284

33579 monsoonserge the Grappler (level 13, -3/121 HPs)
             Began as a Gnoll Shapeshifter on Apr 2, 2024.
             Was a High Priest of Ignis.
             Slain by a wyvern (12 damage)
             ... on level 2 of the Lair of Beasts on Apr 3, 2024.
             The game lasted 00:58:30 (18138 turns).

monsoonserge the Grappler (Gnoll Shapeshifter)     Turns: 18138, Time: 00:58:31

Health: -3/121     AC:  9    Str: 24    XL:     13   Next: 71%
Magic:  0/43       EV: 13    Int:  9    God:    Ignis [*****.]
Gold:   1465       SH:  0    Dex: 12    Spells: 23/29 levels left

rFire   + .          .
                       - Unarmed
rCold   . . .        (shield currently unavailable)
rNeg    . . .        F - melded +4 chain mail {rC+}
rPois   +            C - melded +0 helmet
rElec   .            D - melded +0 cloak
rCorr   .            h - melded +0 pair of gloves
SInv    .            Z - melded +0 pair of boots
Will    .....        w - amulet of guardian spirit
Stlth   ++++         S - ring of magical power
HPRegen 0.40/turn    y - ring of magical power
MPRegen 0.28/turn

%: guardian spirit
@: about to teleport, snake-form, on blink cooldown
A: constrict, boosted hp, large, (fangs 1), strong nose, distributed training
a: Begin Untransformation, Renounce Religion, Fiery Armour, Foxfire Swarm,
Rising Flame


You were on level 2 of the Lair of Beasts.
You worshipped Ignis.
Ignis was extremely pleased with you.
You were an enormous serpent.
You visited 3 branches of the dungeon, and saw 14 of its levels.

You collected 1465 gold pieces.

Inventory:

Missiles
 n - 2 darts of dispersal
 E - 35 poisoned darts
 H - 14 javelins
 L - 5 throwing nets
 U - 12 boomerangs
 Y - 3 curare-tipped darts
Armour
 h - a +0 pair of gloves (melded)
 i - a +2 scale mail of fire resistance
 B - a +0 tower shield
 C - a +0 helmet (melded)
 D - a +0 cloak (melded)
 F - a +4 chain mail of cold resistance (melded)
 K - a +0 kite shield
 Z - a +0 pair of boots (melded)
Jewellery
 d - a +6 ring of intelligence
 g - a ring of wizardry
 s - a ring of flight
 w - an amulet of guardian spirit (around neck)
 y - a ring of magical power (right hand)
 M - a ring of ice
 S - a ring of magical power (left hand)
Talismans
 A - a blade talisman
 O - a serpent talisman (active)
Wands
 I - a wand of mindburst (30)
 N - a wand of flame (26) (quivered)
 P - a wand of light (17)
 X - a wand of roots (18)
Scrolls
 f - 4 scrolls of enchant weapon
 m - 5 scrolls of teleportation
 o - 2 scrolls of vulnerability {unknown}
 p - 2 scrolls of enchant armour {unknown}
 r - 2 scrolls of blinking {unknown}
 u - 4 scrolls of fog
 v - 4 scrolls of noise {unknown}
 z - a scroll of torment {unknown}
 J - a scroll of summoning {unknown}
 R - a scroll of immolation {unknown}
 V - 3 scrolls of revelation
Potions
 a - a potion of enlightenment {unknown}
 c - 3 potions of magic
 e - a potion of curing
 j - 2 potions of might {unknown}
 k - 3 potions of mutation
 l - 5 potions of brilliance {unknown}
 q - 2 potions of degeneration {unknown}
 t - 3 potions of haste {unknown}
 x - 5 potions of heal wounds
 G - 3 potions of cancellation {unknown}
 Q - 3 potions of ambrosia {unknown}
 T - a potion of berserk rage {unknown}
 W - 3 potions of invisibility {unknown}
Miscellaneous
 b - a sack of spiders


   Skills:
 + Level 9.3 Fighting
 + Level 8.9 Short Blades
 + Level 8.9 Long Blades
 + Level 8.9 Axes
 + Level 8.9 Maces & Flails
 + Level 8.9 Polearms
 + Level 8.9 Staves
 + Level 8.9 Ranged Weapons
 + Level 8.9 Throwing
 + Level 8.9 Armour
 + Level 10.0 Dodging
 + Level 8.9 Stealth
 + Level 8.9 Shields
 + Level 11.0 Unarmed Combat
 + Level 8.9 Spellcasting
 + Level 7.4 Conjurations
 + Level 7.4 Hexes
 + Level 7.4 Summonings
 + Level 7.4 Necromancy
 + Level 7.4 Translocations
 + Level 7.4 Fire Magic
 + Level 7.4 Ice Magic
 + Level 7.4 Air Magic
 + Level 7.4 Earth Magic
 + Level 7.4 Alchemy
 + Level 9.7 Invocations
 + Level 8.9 Evocations
 + Level 10.4 Shapeshifting


You had 23 spell levels left.
You knew the following spells:

 Your Spells              Type           Power      Damage    Failure   Level
a - Blink                 Tloc           34%        N/A       1%          2
b - Animate Dead          Necr           17%        N/A       8%          4

Your spell library contained the following spells:

 Spells                   Type           Power      Damage    Failure   Level
 Apportation              Tloc           34%        N/A       1%          1
 Kiss of Death            Conj/Necr      68%        2d10      1%          1
 Necrotise                Necr           68%        1d7       1%          1
 Sandblast                Erth           34%        2d9       1%          1
 Sting                    Conj/Alch      68%        1d7       1%          1
 Summon Small Mammal      Summ           68%        N/A       1%          1
 Lesser Beckoning         Tloc           34%        N/A       1%          2
 Momentum Strike          Conj/Tloc      34%        3d8       1%          2
 Static Discharge         Conj/Air       34%        3-5/arc   1%          2
 Sublimation of Blood     Necr           17%        N/A       1%          2
 Confusing Touch          Hex            17%        N/A       2%          3
 Dazzling Flash           Conj/Hex       34%        N/A       2%          3
 Frozen Ramparts          Ice            34%        1d6       2%          3
 Passwall                 Erth           17%        N/A       2%          3
 Stone Arrow              Conj/Erth      34%        3d9       2%          3
 Volatile Blastmotes      Fire/Tloc      34%        2d12      2%          3
 Brom's Barrelling Bould  Conj/Erth      17%        2d4       8%          4
 Dispel Undead            Necr           17%        3d10      8%          4
 Leda's Liquefaction      Alch/Erth      8%         N/A       8%          4
 Petrify                  Alch/Erth      17%        N/A       8%          4
 Sticky Flame             Fire/Alch      17%        2d5       8%          4
 Borgnjor's Vile Clutch   Necr/Erth      8%         N/A       22%         5
 Irradiate                Conj/Alch      8%         3d14      22%         5
 Iskenderun's Battlesphe  Conj           17%        2d7       22%         5
 Lee's Rapid Deconstruct  Erth           8%         3d7*      22%         5
 Metabolic Englaciation   Hex/Ice        8%         N/A       22%         5
 Bombard                  Conj/Erth      8%         9d2       77%         6
 Death Channel            Necr           8%         N/A       77%         6
 Starburst                Conj/Fire      8%         6d4       77%         6
 Haunt                    Necr/Summ      8%         N/A       100%        7
 Malign Gateway           Summ/Tloc      8%         N/A       100%        7
 Spellforged Servitor     Conj/Summ      8%         N/A       100%        7
 Infestation              Necr           8%         N/A       100%        8
 Maxwell's Capacitive Co  Air            8%         ∞         100%        8
 Summon Horrible Things   Summ           8%         N/A       100%        8


Dungeon Overview and Level Annotations

Branches:
Dungeon (11/15)            Temple (1/1) D:4            Lair (2/5) D:11
  Snake (0/4) Lair:2          Orc (0/2) D:10
  Swamp: Lair:2-3    Shoals: Lair:2-3

Altars:
Ashenzari
Cheibriados
Dithmenos
Elyvilon
Fedhas
Gozag
Hepliaklqana
Kikubaaqudgha
Makhleb
Nemelex Xobeh
Okawaru
Qazlal
Ru
Sif Muna
Trog
Uskayaw
Vehumet
Wu Jian
Xom
Yredelemnul
Zin
The Shining One
Ignis
Lugonu

Shops:
D:9 [   D:10 ([

Annotations:
D:6 3 runed translucent doors, Consumeair16's ghost, novice DrGl


Innate Abilities, Weirdness & Mutations

You are an enormous serpent.
You have a powerful constriction melee attack.
Your maximum health is increased.
Your armour is entirely melded.
You are incapable of wielding weapons or throwing items.
((You have very sharp teeth.))
Your uncanny sense of smell can sniff out nearby items.
Your experience applies equally to all skills.


Message History

The cane toad is almost dead.
You constrict the cane toad.
You kill the cane toad!
You are hit by a branch!
The wyvern bites you!!
* * * LOW HITPOINT WARNING * * *
The spriggan druid hits you with a +1 spectral quarterstaff!
* * * LOW HITPOINT WARNING * * *
The +1 spectral quarterstaff hits you!
* * * LOW HITPOINT WARNING * * *
A +1 spectral quarterstaff comes into view.
Unknown command.
Casting: Blink (safe; 1% risk of failure)
Confirm with . or Enter, or press ? or * to list all spells.
You blink.
Branches wave dangerously above you. Tree limbs sway around you.
The +1 spectral quarterstaff disappears.
As you read the scroll of teleportation, it crumbles to dust.
You feel strangely unstable.
You feel much better. Tree limbs sway around you. The wyvern bites you!
* * * LOW HITPOINT WARNING * * *
You barely miss the spriggan druid. You grab the spriggan druid.
You constrict the spriggan druid.
The trees move their gnarly branches around.
The wyvern closely misses you. The spriggan druid misses you.
The +1 spectral quarterstaff hits you.
* * * LOW HITPOINT WARNING * * *
A +1 spectral quarterstaff comes into view.
You hit the spriggan druid.
The spriggan druid is lightly wounded.
You constrict the spriggan druid. Branches wave dangerously above you.
The wyvern bites you but does no damage.
The spriggan druid hits you with a +1 spectral quarterstaff!
* * * LOW HITPOINT WARNING * * *
The +1 spectral quarterstaff barely misses you.
The wyvern bites you!
You die...

####### ### #### ♣).##.#
#####.##### #P.#♣
♣.†♣...#####.#.#..P##. ....♣
♣.Y..♣.................. ....♣
♣...♣.♣♣.Y....#.P.##...... ###.♣
..♣ .. ♣.....###..##...... P.##♣
. ..♣ ♣.....##.P.###..... ..# ...
♣ikS..'....# #..... ..## ....
♣(S...##...###..... ...#
♣.....'....##P..... ##.♣♣
♣.....#.##..##.....
##..♣♣♣♣♣♣♣♣♣♣♣.....####..##.....
.........#.#.#♣.....#.##+........
.........#.#'#P..................
.................................
.................................
.................................


You could see a spriggan druid, a yak, a water moccasin (strong), a wyvern
(strong) and a +1 spectral quarterstaff.

Vanquished Creatures
  Fannar (Lair:2)
  Harold (D:11)
  2 hydras (Lair:2)
  2 two-headed ogres
  Urug (D:11)
  5 skeletal warriors
  Lodul (D:10)
  A spriggan druid (Lair:2)
  Pikel (D:6)
  An oklob plant (Lair:1)
  A cyclops (D:11)
  An ugly thing (D:9)
  3 black mambas (Lair:2)
  An elephant (Lair:2)
  Joseph (D:8)
  4 torpor snails
  Maggie (D:6)
  11 cane toads
  A gargoyle (D:11)
  A rime drake (Lair:2)
  3 kobold demonologists (D:11)
  6 komodo dragons
  An unseen horror (D:10)
  An unseen horror zombie (D:8)
  2 polar bears (Lair:2)
  3 trolls
  3 hornets
  2 blink frogs (Lair:2)
  Grinder (D:5)
  A dream sheep (Lair:2)
  2 shadows
  3 wyverns
  21 yaks
  3 basilisks (Lair:2)
  A steam dragon (D:8)
  Menkaure (D:5)
  Edmund (D:5)
  8 water moccasins
  An acid dragon (D:9)
  Duvessa (D:4)
  4 orc warriors
  2 sky beasts (D:7)
  3 black bears
  11 wolves
  6 ogres
  A phantom (D:5)
  A centaur (D:10)
  3 lemures (D:6)
  7 kobold brigands
  10 bullfrogs
  Blork the orc (D:6)
  A wyvern zombie (D:8)
  4 gnoll sergeants
  3 scorpions
  3 wights (D:8)
  Dowan (D:4)
  2 electric eels (D:11)
  6 howler monkeys
  4 bombardier beetles
  9 hounds
  A centaur zombie (D:8)
  A human zombie (D:8)
  2 jellies
  8 orc priests
  4 gnoll boudas
  Jessica (D:2)
  5 iguanas
  8 orc wizards
  A sleepcap (D:6)
  A killer bee zombie (D:8)
  4 howler monkey zombies (D:8)
  23 gnolls
  12 adders
  A shadow imp (D:6)
  2 white imps (D:6)
  3 ufetubi
  4 dart slugs
  3 ribbon worms
  34 orcs
  3 bats
  5 endoplasms
  7 giant cockroaches
  8 hobgoblins
  12 jackals
  A quokka (D:1)
  8 ball pythons
  3 frilled lizards
  10 goblins
  27 kobolds
  6 rats
396 creatures vanquished.

Notes
Turn   | Place    | Note
-------+----------+-------------------------------------------
     0 | D:1      | monsoonserge the Gnoll Shapeshifter began the quest for the
                  | Orb.
     0 | D:1      | Reached XP level 1. HP: 17/17 MP: 1/1
   176 | D:1      | Reached XP level 2. HP: 23/23 MP: 2/2
   231 | D:1      | Found a faded altar of an unknown god.
   240 | D:1      | Prayed at the altar of an unknown god.
   240 | D:1      | Became a worshipper of Ignis, the Dying Flame
   416 | D:1      | You fall into a shaft and drop 1 floor!
   487 | D:2      | Reached XP level 3. HP: 28/28 MP: 3/3
   504 | D:2      | Noticed Jessica
   515 | D:2      | Killed Jessica
   516 | D:2      | Reached skill level 1 in Short Blades
   516 | D:2      | Reached skill level 1 in Long Blades
   516 | D:2      | Reached skill level 1 in Axes
   516 | D:2      | Reached skill level 1 in Maces & Flails
   516 | D:2      | Reached skill level 1 in Polearms
   516 | D:2      | Reached skill level 1 in Staves
   516 | D:2      | Reached skill level 1 in Ranged Weapons
   516 | D:2      | Reached skill level 1 in Throwing
   516 | D:2      | Reached skill level 1 in Armour
   516 | D:2      | Reached skill level 1 in Stealth
   516 | D:2      | Reached skill level 1 in Shields
   516 | D:2      | Reached skill level 1 in Spellcasting
   516 | D:2      | Reached skill level 1 in Invocations
   516 | D:2      | Reached skill level 1 in Evocations
   639 | D:2      | Reached XP level 4. HP: 34/34 MP: 5/5
   973 | D:2      | Reached skill level 1 in Conjurations
   973 | D:2      | Reached skill level 1 in Hexes
   973 | D:2      | Reached skill level 1 in Summonings
   973 | D:2      | Reached skill level 1 in Necromancy
   973 | D:2      | Reached skill level 1 in Translocations
   973 | D:2      | Reached skill level 1 in Fire Magic
   973 | D:2      | Reached skill level 1 in Ice Magic
   973 | D:2      | Reached skill level 1 in Air Magic
   973 | D:2      | Reached skill level 1 in Earth Magic
   973 | D:2      | Reached skill level 1 in Alchemy
  2239 | D:3      | Reached XP level 5. HP: 39/40 MP: 7/7
  3487 | D:4      | Found a staircase to the Ecumenical Temple.
  3499 | Temple   | Entered the Ecumenical Temple
  3558 | D:4      | Reached XP level 6. HP: 44/47 MP: 8/8
  3620 | D:4      | Reached skill level 5 in Dodging
  4329 | D:5      | Entered Level 5 of the Dungeon
  4329 | D:5      | Noticed Duvessa
  4364 | D:5      | Noticed Dowan
  4380 | D:4      | Killed Duvessa
  4381 | D:4      | Reached skill level 7 in Unarmed Combat
  4381 | D:4      | Reached XP level 7. HP: 52/52 MP: 10/10
  4382 | D:4      | Killed Dowan
  4462 | D:5      | Noticed Edmund
  4478 | D:5      | Killed Edmund
  4596 | D:5      | Noticed Grinder
  4754 | D:5      | Reached XP level 8. HP: 34/60 MP: 11/12
  4813 | D:5      | Paralysed by Grinder for 4 turns
  4824 | D:5      | Paralysed by Grinder for 5 turns
  4831 | D:5      | Killed Grinder
  5063 | D:5      | Noticed Menkaure
  5070 | D:5      | Killed Menkaure
  5330 | D:6      | Found a runed translucent gate.
  5330 | D:6      | Found a runed translucent gate.
  5330 | D:6      | Found a runed translucent gate.
  5347 | D:6      | Noticed a +0 hand axe
  5351 | D:6      | Found a hide-covered altar of Uskayaw.
  5351 | D:6      | Noticed a +0 hand axe
  5420 | D:6      | Found an opulent altar of Gozag.
  5717 | D:6      | Reached XP level 9. HP: 32/67 MP: 9/15
  5998 | D:6      | Noticed Pikel
  6032 | D:6      | Killed Pikel
  6033 | D:6      | Reached skill level 5 in Fighting
  6033 | D:6      | Reached skill level 8 in Unarmed Combat
  6051 | D:6      | Reached skill level 5 in Invocations
  6385 | D:6      | Noticed Maggie
  6408 | D:6      | Killed Maggie
  6750 | D:6      | Learned a level 2 spell: Blink
  6930 | D:6      | Noticed Blork the orc
  6935 | D:6      | Killed Blork the orc
  6967 | D:6      | Reached skill level 5 in Short Blades
  6967 | D:6      | Reached skill level 5 in Long Blades
  6967 | D:6      | Reached skill level 5 in Axes
  6967 | D:6      | Reached skill level 5 in Maces & Flails
  6967 | D:6      | Reached skill level 5 in Polearms
  6967 | D:6      | Reached skill level 5 in Staves
  6967 | D:6      | Reached skill level 5 in Ranged Weapons
  6967 | D:6      | Reached skill level 5 in Throwing
  6967 | D:6      | Reached skill level 5 in Armour
  6967 | D:6      | Reached skill level 5 in Stealth
  6967 | D:6      | Reached skill level 5 in Shields
  6967 | D:6      | Reached skill level 5 in Spellcasting
  6967 | D:6      | Reached skill level 5 in Evocations
  6967 | D:6      | Reached XP level 10. HP: 75/76 MP: 17/17
  7073 | D:6      | Noticed Consumeair16's ghost (novice DrGl)
  7351 | D:8      | Found a burning altar of Makhleb.
  7352 | D:8      | Found a glowing golden altar of the Shining One.
  7353 | D:8      | Found a shimmering blue altar of Sif Muna.
  7354 | D:8      | Found a snail-covered altar of Cheibriados.
  7355 | D:8      | Found an ancient bone altar of Kikubaaqudgha.
  7359 | D:8      | Found a hazy altar of Hepliaklqana.
  7359 | D:8      | Found a bloodstained altar of Trog.
  7360 | D:8      | Found a sacrificial altar of Ru.
  7372 | D:8      | Noticed Joseph
  7387 | D:8      | Killed Joseph
  7852 | D:7      | Found a shimmering altar of Xom.
  8669 | D:8      | Found a basalt altar of Yredelemnul.
  9102 | D:8      | Found a stormy altar of Qazlal.
  9107 | D:8      | Found an iron altar of Okawaru.
  9112 | D:8      | Found a sparkling altar of Nemelex Xobeh.
  9219 | D:8      | Paralysed by a hornet for 1 turns
  9223 | D:8      | Paralysed by a hornet for 1 turns
  9227 | D:8      | Paralysed by a hornet for 3 turns
  9572 | D:9      | Reached skill level 9 in Unarmed Combat
  9578 | D:9      | Reached skill level 5 in Conjurations
  9578 | D:9      | Reached skill level 5 in Hexes
  9578 | D:9      | Reached skill level 5 in Summonings
  9578 | D:9      | Reached skill level 5 in Necromancy
  9578 | D:9      | Reached skill level 5 in Translocations
  9578 | D:9      | Reached skill level 5 in Fire Magic
  9578 | D:9      | Reached skill level 5 in Ice Magic
  9578 | D:9      | Reached skill level 5 in Air Magic
  9578 | D:9      | Reached skill level 5 in Earth Magic
  9578 | D:9      | Reached skill level 5 in Alchemy
  9583 | D:9      | Reached XP level 11. HP: 48/83 MP: 18/20
 10009 | D:9      | Noticed a two-headed ogre
 10018 | D:9      | Killed a two-headed ogre
 10249 | D:9      | Found Peemevol's Antique Armour Shoppe.
 10580 | D:10     | Entered Level 10 of the Dungeon
 10654 | D:10     | Noticed a white ugly thing
 10675 | D:9      | Killed a white ugly thing
 10997 | D:10     | Found Foustrab's Armour Shop.
 10997 | D:10     | Found a staircase to the Orcish Mines.
 11000 | D:10     | Found Osemer's Weapon Shop.
 11261 | D:10     | Found a shadowy altar of Dithmenos.
 11645 | D:11     | Noticed a skeletal warrior
 11645 | D:11     | Noticed a skeletal warrior
 11645 | D:11     | Noticed a skeletal warrior
 11702 | D:11     | Noticed Urug
 11719 | D:11     | Killed Urug
 11725 | D:10     | HP: 4/84 [poisoned by Urug]
 11965 | D:11     | Noticed Lodul
 12026 | D:10     | Killed Lodul
 12383 | D:10     | Killed a skeletal warrior
 12708 | D:11     | Noticed a cyclops
 12708 | D:11     | Noticed a skeletal warrior
 12724 | D:11     | Killed a cyclops
 12859 | D:11     | Noticed a skeletal warrior
 12880 | D:11     | Killed a skeletal warrior
 12881 | D:11     | Reached XP level 12. HP: 70/91 MP: 21/22
 13174 | D:11     | Noticed Harold
 13190 | D:11     | Killed Harold
 13459 | D:11     | Found a staircase to the Lair.
 13485 | D:11     | Reached skill level 10 in Unarmed Combat
 13598 | D:11     | Noticed a two-headed ogre
 13610 | D:11     | Killed a two-headed ogre
 14247 | Lair:1   | Entered Level 1 of the Lair of Beasts
 15904 | Lair:2   | Got the Opusculum on Vitriolic Arcane Combat
 16071 | Lair:1   | Reached XP level 13. HP: 74/99 MP: 25/25
 16155 | Lair:1   | Reached skill level 10 in Shapeshifting
 16632 | Lair:2   | Found a staircase to the Snake Pit.
 16773 | Lair:2   | Noticed Fannar
 16792 | Lair:2   | Killed Fannar
 17339 | Lair:2   | Found the +10 zealot's sword {holy, Zealotry, *Rage rN+
                  | EV+3}
 17695 | Lair:2   | Reached skill level 10 in Dodging
 17695 | Lair:2   | Reached skill level 11 in Unarmed Combat
 17965 | Lair:2   | Learned a level 4 spell: Animate Dead
 18138 | Lair:2   | Slain by a wyvern

Illustrated notes

Levels and vault maps discovered:
D:1:      wander_arrival_estate, layout_loops_ring,
          hellmonk_ecumenical_altar_inner_sanctum
D:2:      minmay_chambers_of_ones, layout_basic, uniq_jessica
D:3:      layout_basic, serial_forest, infiniplex_forest_clump_small,
          infiniplex_forest_clump_long, infiniplex_forest_lined_2,
          infiniplex_forest_lined_1, infiniplex_forest_diagonal,
          infiniplex_forest_pool
D:4:      layout_gridville, minmay_temple_entry_stoned_glass,
          serial_co_window_serial, co_window_paths_b, co_window_paths_a,
          co_window_paths_a, co_window_corner_a, co_window_corner_a,
          co_window_corner_a, co_window_paths_b, co_window_cross_1,
          co_window_of_opportunity_a, co_window_corner_ca, co_window_corner_b,
          co_window_cross_2, co_window_cross_2, co_window_unsneaky_path_a,
          co_window_2corner, co_window_corner_ca, glass_columns_a,
          glass_columns_a, minmay_tree_intersection, kennysheep_flooded_box
D:5:      layout_cave_pools, nrook_mini_backslash, nicolae_sextant,
          uniq_duvessa, uniq_edmund, uniq_grinder, uniq_menkaure
D:6:      minmay_razor_zed, layout_gridville, mainiacjoe_overflow_paths,
          dancing_weapons_uskayaw, gammafunk_ghost_necromancy,
          roderic_lattice_a, uniq_maggie, uniq_pikel, uniq_blork_the_orc
D:7:      layout_loops_cross, lemuel_crystal_altar
D:8:      layout_basic, lemuel_mausoleum_altar_yredelemnul,
          grunt_temple_overflow_open, grunt_temple_overflow_diamond, uniq_joseph
D:9:      layout_basic, serial_shops, shop
D:10:     layout_cave_pools, nicolae_dithmenos_the_darkroom, orc_david_3,
          serial_gnoll_camp, gnoll_camp_mini_house, gnoll_camp_mini_hut,
          gnoll_camp_mini_hut, gnoll_camp_huts_basic
D:11:     layout_cave_pools, erik_lair_island, serial_column_ruins,
          column_ruins_open_tiny, column_ruins_grid_3, column_ruins_open_small,
          uniq_urug, uniq_lodul, uniq_harold
Temple:   corrupted_temple
Lair:1:   layout_roguey, minmay_lair_oklob_bushes
Lair:2:   nzn_winding_woodlands_large [nzn_winding_woodlands_5x5_open_star,
          nzn_winding_woodlands_5x15_split_checker,
          nzn_winding_woodlands_5x5_perimeter,
          nzn_winding_woodlands_center_pierced_h,
          nzn_winding_woodlands_15x15_boxy_spiral,
          nzn_winding_woodlands_center_diamonds,
          nzn_winding_woodlands_5x5_three,
          nzn_winding_woodlands_5x15_river_crossing,
          nzn_winding_woodlands_5x5_closed_star], layout_regular_city,
          mainiacjoe_swamp_entry_angry_trees, dummy_snake_entry, uniq_fannar

Skill      XL: |  1  2  3  4  5  6  7  8  9 10 11 12 13 |
---------------+----------------------------------------+-----
Short Blades   | 1 2 3 4 5 6 7 8 |  8.9
Long Blades    | 1 2 3 4 5 6 7 8 |  8.9
Axes           | 1 2 3 4 5 6 7 8 |  8.9
Maces & Flails | 1 2 3 4 5 6 7 8 |  8.9
Polearms       | 1 2 3 4 5 6 7 8 |  8.9
Staves         | 1 2 3 4 5 6 7 8 |  8.9
Ranged Weapons | 1 2 3 4 5 6 7 8 |  8.9
Throwing       | 1 2 3 4 5 6 7 8 |  8.9
Armour         | 1 2 3 4 5 6 7 8 |  8.9
Stealth        | 1 2 3 4 5 6 7 8 |  8.9
Shields        | 1 2 3 4 5 6 7 8 |  8.9
Spellcasting   | 1 2 3 4 5 6 7 8 |  8.9
Invocations    | 1 2 3 4 5 6 7 8 9 |  9.7
Evocations     | 1 2 3 4 5 6 7 8 |  8.9
Conjurations   | 1 2 3 4 5 6 7 |  7.4
Hexes          | 1 2 3 4 5 6 7 |  7.4
Summonings     | 1 2 3 4 5 6 7 |  7.4
Necromancy     | 1 2 3 4 5 6 7 |  7.4
Translocations | 1 2 3 4 5 6 7 |  7.4
Fire Magic     | 1 2 3 4 5 6 7 |  7.4
Ice Magic      | 1 2 3 4 5 6 7 |  7.4
Air Magic      | 1 2 3 4 5 6 7 |  7.4
Earth Magic    | 1 2 3 4 5 6 7 |  7.4
Alchemy        | 1 2 3 4 5 6 7 |  7.4
Fighting       | 3 4 5 6 7 8 9 |  9.3
Dodging        | 5 6 7 8 9 10 | 10.0
Unarmed Combat | 7 8 9 10 11 | 11.0
Shapeshifting  | 7 8 9 10 | 10.4

Action                     |  1- 3 |  4- 6 |  7- 9 | 10-12 | 13-15 || total
---------------------------+-------+-------+-------+-------+-------++-------
  Melee: Unarmed           |    41 |   178 |    36 |       |    14 ||   269
         Bite              |     6 |    15 |    26 |    94 |    23 ||   164
         Punch             |     1 |     3 |       |       |       ||     4
         Dire flail        |       |       |   233 |   843 |   221 ||  1297
         Constrict         |       |       |       |       |     6 ||     6
  Throw: Dart              |       |       |     3 |    17 |     8 ||    28
         Javelin           |       |       |     1 |       |     2 ||     3
         Boomerang         |       |       |       |    37 |       ||    37
   Cast: Blink             |       |       |       |       |     1 ||     1
 Invoke: Fiery Armour      |       |       |     1 |       |     1 ||     2
Ability: Begin Untransform |       |       |       |     1 |       ||     1
  Evoke: Wand              |       |       |       |     3 |     4 ||     7
    Use: Potion            |       |     1 |       |     5 |     3 ||     9
         Scroll            |       |       |       |     9 |     1 ||    10
 Armour: Animal skin       |     5 |       |       |       |       ||     5
         Scale mail        |    15 |    86 |    17 |       |       ||   118
         Skin              |       |    19 |     1 |    43 |    43 ||   106
         Chain mail        |       |       |   240 |   792 |   148 ||  1180
  Dodge: Dodged            |    16 |    65 |   143 |   478 |   107 ||   809
   Form: Blade             |       |       |       |     1 |     2 ||     3
                           |       |       |       |     1 |     1 ||     2
         Serpent           |       |       |       |       |     2 ||     2
